| TOP OF THE 1ST |
|
Frisco RoughRiders batting - Pitching for Akron RubberDucks : RHP Josh Holloway
|
|
Pitching: RHP Josh Holloway
|
|
|
Batting: LHB Jose Baez
|
0-0: Foul Ball, location: 2F 0-1: Ball 1-1: Swinging Strike 1-2: Foul Ball, location: 2F 1-2: Fly out, F8 (Flyball, 8LM, EV 73.8 MPH)
|
|
Batting: LHB Mike Sammons
|
0-0: Called Strike 0-1: Ball 1-1: Ball 2-1: Foul Ball, location: 2F 2-2: Foul Ball, location: 2F 2-2: Ball 3-2: Fly out, F8 (Flyball, 78D, EV 88.8 MPH)
|
|
Batting: LHB Alfonso Collazo
|
0-0: Ball 1-0: Called Strike 1-1: Ground out 4-3 (Groundball, 34D, EV 108.1 MPH)
|
| Top of the 1st over - 0 runs, 0 hits, 0 errors, 0 left on base; Frisco 0 - Akron 0 |
| BOTTOM OF THE 1ST |
|
Akron RubberDucks batting - Pitching for Frisco RoughRiders : RHP Jeff Kidd
|
|
Pitching: RHP Jeff Kidd
|
|
|
Batting: LHB Nick Welling
|
0-0: Ball 1-0: Foul Ball, location: 2F 1-1: Swinging Strike 1-2: Ground out 5-3 (Groundball, 56, EV 90.0 MPH)
|
|
Batting: SHB Arturo Baez
|
0-0: Ball 1-0: Foul Ball, location: 2F 1-1: Ball 2-1: Called Strike 2-2: Ball 3-2: Base on Balls
|
|
Batting: RHB Harris Leroux
|
0-0: Ball 1-0: Foul Ball, location: 2F 1-1: Ball 2-1: Called Strike Arturo Baez steals 2nd, throwing error, E2 Arturo Baez to third 2-2: Ground out 6-3 (Groundball, 56, EV 87.5 MPH) Arturo Baez scores
|
|
Batting: RHB Christian Blue
|
0-0: Swinging Strike 0-1: Ground out 6-3 (Groundball, 6, EV 81.3 MPH)
|
| Bottom of the 1st over - 1 run, 0 hits, 1 error, 0 left on base; Frisco 0 - Akron 1 |
| TOP OF THE 2ND |
|
Frisco RoughRiders batting - Pitching for Akron RubberDucks : RHP Josh Holloway
|
|
Batting: LHB Gabriel Graves
|
0-0: Called Strike 0-1: Foul Ball, location: 2F 0-2: Ball 1-2: Ball 2-2: Ball 3-2: Foul Ball, location: 2F 3-2: Fly out, F9 (Flyball, 9LM, EV 85.6 MPH)
|
|
Batting: RHB Rodolfo Contreras
|
0-0: Called Strike 0-1: Ball 1-1: SINGLE (Groundball, 56D, EV 96.9 MPH)
|
|
Batting: RHB Tristan Wright
|
0-0: Ball Rodolfo Contreras steals 2nd base 1-0: Ball 2-0: SINGLE (Groundball, 34D, EV 98.1 MPH) Rodolfo Contreras to third
|
|
Batting: RHB Shoh Tanioka
|
0-0: Ball Tristan Wright is caught stealing 2nd base 2-4 1-0: Called Strike 1-1: Foul Ball, location: 2F 1-2: Foul Ball, location: 2F 1-2: Ball 2-2: SINGLE (Line Drive, 7S, EV 100.0 MPH) Rodolfo Contreras scores
|
|
Batting: RHB Zach Thomason
|
0-0: Called Strike Shoh Tanioka steals 2nd base 0-1: Ball 1-1: DOUBLE (Flyball, 8RXD, EV 96.3 MPH) Shoh Tanioka scores
|
|
Batting: RHB Brandon Davis
|
0-0: Called Strike 0-1: Called Strike 0-2: Ball 1-2: Strikes out swinging
|
| Top of the 2nd over - 2 runs, 4 hits, 0 errors, 1 left on base; Frisco 2 - Akron 1 |
| BOTTOM OF THE 2ND |
|
Akron RubberDucks batting - Pitching for Frisco RoughRiders : RHP Jeff Kidd
|
|
Batting: RHB Hieronim Rutkowski
|
0-0: Foul Ball, location: 2F 0-1: Ball 1-1: Ball 2-1: Fly out, F3 (Popup, 3SF, EV 69.4 MPH)
|
|
Batting: RHB Matt Thompson
|
0-0: Called Strike 0-1: Ball 1-1: DOUBLE (Line Drive, 7LS, EV 110.6 MPH)
|
|
Batting: LHB Corey Trevor
|
0-0: Called Strike 0-1: Ball 1-1: Fly out, F9 (Flyball, 9, EV 95.6 MPH)
|
|
Batting: LHB John Dietrich
|
0-0: Ball 1-0: Foul Ball, location: 2F 1-1: Ball 2-1: Foul Ball, location: 2F 2-2: Ground out 1-3 (Groundball, 13, EV 65.6 MPH)
|
| Bottom of the 2nd over - 0 runs, 1 hit, 0 errors, 1 left on base; Frisco 2 - Akron 1 |
| TOP OF THE 3RD |
|
Frisco RoughRiders batting - Pitching for Akron RubberDucks : RHP Josh Holloway
|
|
Batting: LHB Jose Baez
|
0-0: Ball 1-0: Swinging Strike 1-1: Fly out, F7 (Flyball, 78S, EV 93.1 MPH)
|
|
Batting: LHB Mike Sammons
|
0-0: Ball 1-0: Called Strike 1-1: Ball 2-1: Ball 3-1: Base on Balls
|
|
Batting: LHB Alfonso Collazo
|
0-0: Called Strike Mike Sammons steals 2nd base 0-1: Ball 1-1: Called Strike 1-2: Ball 2-2: SINGLE (Line Drive, 78S, EV 105.6 MPH) Mike Sammons to third
|
|
Batting: LHB Gabriel Graves
|
0-0: Called Strike 0-1: Called Strike 0-2: Ball 1-2: SINGLE (Flyball, 8LS, EV 98.8 MPH) Mike Sammons scores Alfonso Collazo to second
|
|
Batting: RHB Rodolfo Contreras
|
0-0: Ball 1-0: Foul Ball, location: 2F 1-1: Ball 2-1: Swinging Strike 2-2: Foul Ball, location: 2F 2-2: Ball 3-2: Foul Ball, location: 2F 3-2: Fly out, F8 (Line Drive, 8RM, EV 93.1 MPH)
|
|
Batting: RHB Tristan Wright
|
0-0: Fielders Choice at 2nd, 6-4 (Groundball, 6, EV 79.4 MPH)
|
| Top of the 3rd over - 1 run, 2 hits, 0 errors, 2 left on base; Frisco 3 - Akron 1 |
| BOTTOM OF THE 3RD |
|
Akron RubberDucks batting - Pitching for Frisco RoughRiders : RHP Jeff Kidd
|
|
Batting: RHB Reynaldo Herrera
|
0-0: Ball 1-0: Ball 2-0: TRIPLE (Flyball, 89XD, EV 100.6 MPH)
|
|
Batting: LHB Nick Welling
|
0-0: Ball 1-0: Called Strike 1-1: Foul Ball, location: 2F 1-2: Ground out U3 (Groundball, 3, EV 85.6 MPH)
|
|
Batting: SHB Arturo Baez
|
0-0: Ball 1-0: Ball 2-0: Fly out, F7 (Flyball, 78M, EV 83.8 MPH)
|
|
Batting: RHB Harris Leroux
|
0-0: Swinging Strike 0-1: Foul Ball, location: 2F 0-2: Foul Ball, location: 2F 0-2: Ball 1-2: Foul Ball, location: 2F 1-2: SINGLE (Line Drive, 4D, EV 111.9 MPH) Reynaldo Herrera scores
|
|
Batting: RHB Christian Blue
|
0-0: Ball 1-0: Called Strike 1-1: Foul Ball, location: 2F 1-2: Ball 2-2: DOUBLE (Line Drive, 9LM, EV 111.3 MPH) Harris Leroux to third
|
|
Batting: RHB Hieronim Rutkowski
|
0-0: Called Strike 0-1: Foul Ball, location: 2F 0-2: Strikes out swinging
|
| Bottom of the 3rd over - 1 run, 3 hits, 0 errors, 2 left on base; Frisco 3 - Akron 2 |
| TOP OF THE 4TH |
|
Frisco RoughRiders batting - Pitching for Akron RubberDucks : RHP Josh Holloway
|
|
Batting: RHB Shoh Tanioka
|
0-0: Ground out 6-3 (Groundball, 6M, EV 86.9 MPH)
|
|
Batting: RHB Zach Thomason
|
0-0: Ball 1-0: Ball 2-0: Ball 3-0: Called Strike 3-1: Foul Ball, location: 2F 3-2: Foul Ball, location: 2F 3-2: Ground out 6-3 (Groundball, 6, EV 99.4 MPH)
|
|
Batting: RHB Brandon Davis
|
0-0: Called Strike 0-1: Fly out, F7 (Line Drive, 7, EV 89.4 MPH)
|
| Top of the 4th over - 0 runs, 0 hits, 0 errors, 0 left on base; Frisco 3 - Akron 2 |
| BOTTOM OF THE 4TH |
|
Akron RubberDucks batting - Pitching for Frisco RoughRiders : RHP Jeff Kidd
|
|
Batting: RHB Matt Thompson
|
0-0: Called Strike 0-1: Swinging Strike 0-2: Ground out 3-1 (Groundball, 34, EV 88.8 MPH)
|
|
Batting: LHB Corey Trevor
|
0-0: Ball 1-0: Called Strike 1-1: Ground out 6-3 (Groundball, 56, EV 80.0 MPH)
|
|
Batting: LHB John Dietrich
|
0-0: Ball 1-0: Ground out 4-3 (Groundball, 4, EV 91.9 MPH)
|
| Bottom of the 4th over - 0 runs, 0 hits, 0 errors, 0 left on base; Frisco 3 - Akron 2 |
| TOP OF THE 5TH |
|
Frisco RoughRiders batting - Pitching for Akron RubberDucks : RHP Josh Holloway
|
|
Batting: LHB Jose Baez
|
0-0: Ball 1-0: Ball 2-0: Ball 3-0: Called Strike 3-1: Base on Balls
|
|
Batting: LHB Mike Sammons
|
0-0: Grounds into double play, 4-6-3 (Groundball, 34, EV 93.8 MPH)
|
|
Batting: LHB Alfonso Collazo
|
0-0: Ball 1-0: SINGLE (Flyball, 78S, EV 96.3 MPH)
|
|
Pitching: RHP T.J. McCullough
|
|
|
Batting: LHB Gabriel Graves
|
0-0: Ball 1-0: Ball 2-0: Ground out 1-3 (Groundball, 34S, EV 75.0 MPH)
|
| Top of the 5th over - 0 runs, 1 hit, 0 errors, 1 left on base; Frisco 3 - Akron 2 |
| BOTTOM OF THE 5TH |
|
Akron RubberDucks batting - Pitching for Frisco RoughRiders : RHP Jeff Kidd
|
|
Batting: RHB Reynaldo Herrera
|
0-0: Swinging Strike 0-1: Foul Ball, location: 2F 0-2: Ball 1-2: Ball 2-2: Strikes out swinging
|
|
Batting: LHB Nick Welling
|
0-0: Called Strike 0-1: Ball 1-1: Swinging Strike 1-2: Ball 2-2: Ball 3-2: Base on Balls
|
|
Batting: SHB Arturo Baez
|
0-0: Ball 1-0: Foul Ball, location: 2F 1-1: Ball 2-1: Foul Ball, location: 2F 2-2: Ground out U3 (Groundball, 34, EV 88.8 MPH) Nick Welling to second
|
|
Batting: RHB Harris Leroux
|
0-0: SINGLE (Line Drive, 4MD, EV 96.3 MPH) Nick Welling to third Runner from 3rd tries for Home, SAFE, throw by CF to home
|
|
Batting: RHB Christian Blue
|
0-0: Foul Ball, location: 2F 0-1: Foul Ball, location: 2F 0-2: Ball 1-2: Ball 2-2: Foul Ball, location: 2F 2-2: Ball 3-2: DOUBLE (Flyball, 78XD, EV 101.3 MPH) Harris Leroux to third Harris Leroux scores
|
|
Batting: RHB Hieronim Rutkowski
|
0-0: Called Strike 0-1: Swinging Strike 0-2: Strikes out looking
|
| Bottom of the 5th over - 2 runs, 2 hits, 0 errors, 1 left on base; Frisco 3 - Akron 4 |
| TOP OF THE 6TH |
|
Frisco RoughRiders batting - Pitching for Akron RubberDucks : RHP T.J. McCullough
|
|
Batting: RHB Rodolfo Contreras
|
0-0: Ball 1-0: Called Strike 1-1: Called Strike 1-2: Foul Ball, location: 2F 1-2: Ball 2-2: Ground out 6-3 (Groundball, 6, EV 97.5 MPH)
|
|
Batting: RHB Tristan Wright
|
0-0: Called Strike 0-1: Swinging Strike 0-2: Strikes out looking
|
|
Batting: RHB Shoh Tanioka
|
0-0: Ball 1-0: Swinging Strike 1-1: Foul Ball, location: 2F 1-2: Strikes out swinging
|
| Top of the 6th over - 0 runs, 0 hits, 0 errors, 0 left on base; Frisco 3 - Akron 4 |
| BOTTOM OF THE 6TH |
|
Akron RubberDucks batting - Pitching for Frisco RoughRiders : RHP Jeff Kidd
|
|
Batting: RHB Matt Thompson
|
0-0: Called Strike 0-1: Called Strike 0-2: Ball 1-2: Foul Ball, location: 2F 1-2: Ball 2-2: Strikes out looking
|
|
Batting: LHB Corey Trevor
|
0-0: Called Strike 0-1: SINGLE (Line Drive, 78S, EV 101.3 MPH)
|
|
Batting: LHB John Dietrich
|
0-0: Swinging Strike 0-1: Ball 1-1: Swinging Strike 1-2: Fly out, F9 (Line Drive, 9LM, EV 90.6 MPH)
|
|
Pitching: RHP Nobuo Okazaki
|
|
|
Batting: RHB Reynaldo Herrera
|
0-0: Ball 1-0: Called Strike 1-1: Ball Corey Trevor steals 2nd base 2-1: Hit by Pitch
|
|
Batting: LHB Nick Welling
|
0-0: Foul Ball, location: 2F 0-1: SINGLE (Flyball, 56D, EV 89.4 MPH) Corey Trevor to third Reynaldo Herrera to second
|
|
Batting: SHB Arturo Baez
|
0-0: Called Strike 0-1: Ball 1-1: Ball 2-1: Ball 3-1: Base on Balls Corey Trevor scores Reynaldo Herrera to third Nick Welling to second
|
|
Batting: RHB Harris Leroux
|
0-0: Swinging Strike 0-1: Ball 1-1: Called Strike 1-2: Foul Ball, location: 2F 1-2: Strikes out swinging
|
| Bottom of the 6th over - 1 run, 2 hits, 0 errors, 3 left on base; Frisco 3 - Akron 5 |
| TOP OF THE 7TH |
|
Frisco RoughRiders batting - Pitching for Akron RubberDucks : RHP T.J. McCullough
|
|
Batting: RHB Zach Thomason
|
0-0: Fly out, F4 (Flyball, 34D, EV 88.8 MPH)
|
|
Batting: RHB Brandon Davis
|
0-0: Ball 1-0: Ball 2-0: Ball 3-0: Called Strike 3-1: Ground out 5-3 (Groundball, 56, EV 105.0 MPH)
|
|
Batting: LHB Jose Baez
|
0-0: Foul Ball, location: 2F 0-1: Ball 1-1: Foul Ball, location: 2F 1-2: Hit by Pitch
|
|
Batting: LHB Mike Sammons
|
0-0: Ball 1-0: Fly out, F6 (Popup, 6, EV 79.4 MPH)
|
| Top of the 7th over - 0 runs, 0 hits, 0 errors, 1 left on base; Frisco 3 - Akron 5 |
| BOTTOM OF THE 7TH |
|
Akron RubberDucks batting - Pitching for Frisco RoughRiders : RHP Nobuo Okazaki
|
|
Batting: RHB Christian Blue
|
0-0: Ball 1-0: Called Strike 1-1: Foul Ball, location: 2F 1-2: Ball 2-2: Strikes out swinging
|
|
Batting: RHB Hieronim Rutkowski
|
0-0: Ball 1-0: Foul Ball, location: 2F 1-1: Fly out, F7 (Flyball, 7LS, EV 81.3 MPH)
|
|
Batting: RHB Matt Thompson
|
0-0: Ball 1-0: Called Strike 1-1: Swinging Strike 1-2: Ball 2-2: Strikes out looking
|
| Bottom of the 7th over - 0 runs, 0 hits, 0 errors, 0 left on base; Frisco 3 - Akron 5 |
| TOP OF THE 8TH |
|
Frisco RoughRiders batting - Pitching for Akron RubberDucks : RHP T.J. McCullough
|
|
Batting: LHB Alfonso Collazo
|
0-0: Ball 1-0: Ground out U3 (Groundball, 3L, EV 93.8 MPH)
|
|
Batting: LHB Gabriel Graves
|
0-0: Ball 1-0: Ball 2-0: Called Strike 2-1: Foul Ball, location: 2F 2-2: Fly out, F7 (Flyball, 78S, EV 85.0 MPH)
|
|
Pinch Hitting: LHB Justin Balthazor
|
0-0: Ball 1-0: SINGLE (Groundball, 4MD, EV 97.5 MPH)
|
|
Batting: RHB Tristan Wright
|
0-0: Ball 1-0: Ball 2-0: Ball 3-0: Called Strike 3-1: Base on Balls Justin Balthazor to second
|
|
Pitching: LHP Andy Gaiser
|
|
|
Batting: RHB Shoh Tanioka
|
0-0: Foul Ball, location: 2F 0-1: Called Strike 0-2: Strikes out swinging
|
| Top of the 8th over - 0 runs, 1 hit, 0 errors, 2 left on base; Frisco 3 - Akron 5 |
| BOTTOM OF THE 8TH |
|
Akron RubberDucks batting - Pitching for Frisco RoughRiders : RHP Nobuo Okazaki
|
|
Pitching: RHP Shan-tang Chi
|
|
|
Now at 1B: Justin Balthazor
|
|
|
Now in CF: Jose Baez
|
|
|
Now in RF: Tristan Wright
|
|
|
Batting: LHB Corey Trevor
|
0-0: Ball 1-0: Called Strike 1-1: Foul Ball, location: 2F 1-2: Ball 2-2: Ball 3-2: Foul Ball, location: 2F 3-2: Foul Ball, location: 2F 3-2: Strikes out looking
|
|
Batting: LHB John Dietrich
|
0-0: Called Strike 0-1: Ball 1-1: Fly out, F8 (Flyball, 89M, EV 92.5 MPH)
|
|
Batting: RHB Reynaldo Herrera
|
0-0: Called Strike 0-1: Swinging Strike 0-2: Strikes out swinging
|
| Bottom of the 8th over - 0 runs, 0 hits, 0 errors, 0 left on base; Frisco 3 - Akron 5 |
| TOP OF THE 9TH |
|
Frisco RoughRiders batting - Pitching for Akron RubberDucks : LHP Andy Gaiser
|
|
Pitching: RHP Corey Rizzuto
|
|
|
Now at 2B: Tony Ramirez
|
|
|
Batting: RHB Zach Thomason
|
0-0: Foul Ball, location: 2F 0-1: Foul Ball, location: 2F 0-2: SOLO HOME RUN (Flyball, 7D, EV 100.6 MPH), Distance : 378 ft
|
|
Pinch Hitting: SHB Isaiah Cherry
|
0-0: Fly out, F7 (Flyball, 7D, EV 97.5 MPH)
|
|
Batting: LHB Jose Baez
|
0-0: Called Strike 0-1: Ball 1-1: Swinging Strike 1-2: Ball 2-2: Strikes out swinging
|
|
Batting: LHB Mike Sammons
|
0-0: Ball 1-0: Called Strike 1-1: Swinging Strike 1-2: Ball 2-2: Ball 3-2: Base on Balls
|
|
Batting: LHB Alfonso Collazo
|
0-0: Called Strike 0-1: Called Strike 0-2: SINGLE (Line Drive, 7S, EV 109.4 MPH) Mike Sammons to second
|
|
Batting: LHB Gabriel Graves
|
0-0: Ball 1-0: Foul Ball, location: 2F 1-1: Fielders Choice at 2nd, 5-4 (Groundball, 5, EV 90.0 MPH)
|
| Top of the 9th over - 1 run, 2 hits, 0 errors, 2 left on base; Frisco 4 - Akron 5 |
|